 Dungeon Crawl Stone Soup version 0.30-a0-782-ge64f9170bb (webtiles) character file.

Game seed: 4860705686327723737

0 Jane the Trooper (level 1, -1/19 HPs)
             Began as a Ghoul Chaos Knight on Feb 23, 2023.
             Was a Plaything of Xom.
             Slain by a quokka (6 damage)
             ... on level 1 of the Dungeon.
             The game lasted 00:00:37 (60 turns).

Jane the Trooper (Ghoul Chaos Knight)                 Turns: 60, Time: 00:00:37

Health: -1/19      AC:  5    Str: 15    XL:     1   Next: 10%
Magic:  0/0        EV: 11    Int:  7    God:    Xom [..*...]
Gold:   0          SH:  0    Dex:  8    Spells: 0/0 levels left

rFire   . . .      SeeInvis .    a - +0 spear (chaos)
rCold   + . .      Faith    .    (no shield)
rNeg    + + +      Spirit   .    b - +2 leather armour
rPois   ∞          Reflect  .    (no helmet)
rElec   .          Harm     .    (no cloak)
rCorr   .          Rampage  .    (no gloves)
Will    .....                    (no boots)
Stlth   +                        (no amulet)
HPRegen 0.00/turn                (no ring)
MPRegen 0.07/turn                (no ring)

@: brilliant, inhibited regen
A: claws 1, cold resistance 1, negative energy resistance 3, inhibited
regeneration, torment resistance 2, devour on kill
a: Renounce Religion


You were on level 1 of the Dungeon.
You worshipped Xom.
You were a toy of Xom.
You visited 1 branch of the dungeon, and saw 1 of its levels.

Inventory:

Hand Weapons
 a - a +0 spear of chaos (weapon)
Armour
 b - a +2 leather armour (worn)
Miscellaneous
 c - a piece from Xom's chessboard (15/15) (quivered)


   Skills:
 + Level 3.2 Fighting
 + Level 2.6 Polearms
 + Level 1.8 Armour
 + Level 0.8 Dodging


You couldn't memorise any spells.
You didn't know any spells.
Your spell library was empty.

Dungeon Overview and Level Annotations

Branches:
Dungeon (1/15)

Altars:


Innate Abilities, Weirdness & Mutations

You are immune to poison.
You have sharp fingernails.
Your flesh is cold resistant. (rC+)
You are immune to negative energy. (rN+++)
You do not regenerate when monsters are visible.
You are immune to unholy pain and torment.
You thrive by killing the living.


Message History

Found an amethyst potion and 6 stones.
A rat comes into view.
You see here an amethyst potion.
You closely miss the rat. The rat bites you.
You barely miss the rat. The rat misses you.
You barely miss the rat. The rat barely misses you.
You hit the rat. You freeze the rat.
You kill the rat!
You see here a rat corpse.
d - an amethyst potion It was a potion of brilliance.
You feel clever all of a sudden.
HP restored.
You see here a rat corpse.
A quokka comes into view.
Found a stone staircase leading down.
You see here a +0 ring mail.
The quokka barely misses you.
You see here a +0 ring mail.
The quokka bites you but does no damage.
You closely miss the quokka. The quokka bites you.
You hit the quokka but do no damage. The quokka bites you.
You hit the quokka.
The quokka goes berserk!
The quokka is moderately wounded.
The quokka bites you but does no damage.
The quokka closely misses you.
You closely miss the quokka.
The quokka is moderately wounded.
The quokka barely misses you. The quokka bites you.
You hit the quokka. You freeze the quokka.
The quokka is severely wounded.
The quokka bites you.
* * * LOW HITPOINT WARNING * * *
The quokka bites you but does no damage.
You barely miss the quokka.
The quokka is severely wounded.
The quokka closely misses you. x2
The quokka bites you.
You die...
Xom yawns loudly!

# . #. ..###.
......#####
..........#
.......(..#
........@.#####
.>###+#r......###
#............
###.†.....#####
#............
#.......###########
#####.#.#.........#
#.#.#.........+
#.#.#.........#


You could see a quokka (berserk).

Vanquished Creatures
  A rat (D:1)
1 creature vanquished.

Notes
Turn   | Place    | Note
-------+----------+-------------------------------------------
     0 | D:1      | Jane the Ghoul Chaos Knight began the quest for the Orb.
     0 | D:1      | Reached XP level 1. HP: 19/19 MP: 0/0
    60 | D:1      | Slain by a quokka

Illustrated notes

Levels and vault maps discovered:
D:1:      evilmike_arrival_fibonacci_small, layout_basic

Action                     || total
---------------------------++-------
  Melee: Spear             ||    10
    Use: Potion            ||     1
 Armour: Leather armour    ||     3
  Dodge: Dodged            ||     7

Table legend: (Time is in decaauts)
 A = Elapsed time spent in this place.
 B = Non-inter-level travel time spent in this place.
 C = Inter-level travel time spent in this place.
 D = Time resting spent in this place.
 E = Time spent auto-exploring this place.
 F = Levels seen in this place.
 G = Mean time per level.
                   A        B        C        D        E       F      G
               +--------+--------+--------+--------+--------+-----+--------+
         Total |     59 |     53 |      6 |      0 |     18 |   1 |   59.0 |
       Dungeon |     59 |     53 |      6 |      0 |     18 |   1 |   59.0 |
               +--------+--------+--------+--------+--------+-----+--------+

Top non-repeatable levels by time:
     D:1: 59 daAuts
